 Dungeon Crawl Stone Soup version 0.26-a0-597-gb535b0901c (webtiles) character file.

Game seed: 9111098771858434168

62102 Alarkh the Brawler (level 14, 115/115 HPs)
             Began as a Demonspawn Gladiator on Sept 12, 2020.
             Was the Champion of Makhleb.
             Got out of the dungeon alive.
             The game lasted 00:25:00 (16055 turns).

Alarkh the Brawler (Demonspawn Gladiator)          Turns: 16055, Time: 00:25:01

Health: 115/115    AC: 16    Str: 16    XL:     14   Next: 63%
Magic:  22/22      EV: 17    Int: 14    God:    Makhleb [******]
Gold:   2137       SH:  8    Dex: 14    Spells: 13/13 levels left

rFire    . . .     SeeInvis .     - Unarmed
rCold    + . .     Faith    .   M - +3 buckler "Peqijoly" {rElec}
rNeg     . . .     Spirit   .   U - +4 troll leather armour {Snorg}
rPois    .         Reflect  .   b - +1 helmet
rElec    +         Harm     .   T - scarf {repulsion}
rCorr    .                      (no gloves)
MR       ++...                  (no boots)
Stlth    +.........             Y - amulet of the Air {Inacc +Fly rElec EV+5 RMsl}
HPRegen  0.69/turn              g - +4 ring of protection
MPRegen  0.18/turn              F - ring of protection from magic

@: repel missiles
A: claws 2, cold resistance 1, powered by pain 1, freezing cloud immunity, sharp
scales 2
a: Minor Destruction, Lesser Servant of Makhleb, Major Destruction, Greater
Servant of Makhleb, Renounce Religion, Evoke Flight


You escaped.
You worshipped Makhleb.
Makhleb was exalted by your worship.
You visited 3 branches of the dungeon, and saw 19 of its levels.

You collected 2137 gold pieces.

Inventory:

Missiles
 c - 5 throwing nets (quivered)
Armour
 b - a +1 helmet (worn)
 M - the +3 buckler "Peqijoly" (worn) {rElec}
   (You found it on level 8 of the Dungeon)

   It insulates you from electricity.
 T - a scarf of repulsion (worn)
 U - a +4 troll leather armour (worn) {Snorg}
Magical Staves
 a - an uncursed staff of poison
 P - an uncursed staff of cold
Jewellery
 d - a +6 ring of intelligence
 g - a +4 ring of protection (left claw)
 h - an uncursed ring of stealth
 j - an uncursed amulet of reflection
 l - an uncursed ring of see invisible
 x - an uncursed ring of resist corrosion
 C - an uncursed ring of protection from cold
 F - a ring of protection from magic (right claw)
 H - an uncursed ring of fire
 V - the amulet "Orchir" {*Drain Regen+ Str+5}
   (You took it off a centaur on level 3 of the Lair of Beasts)

   [amulet of regeneration]

   It affects your strength (+5).
   It increases your rate of regeneration.
   It causes draining when unequipped.
 Y - the amulet of the Air (around neck) {Inacc +Fly rElec EV+5 RMsl}
   (You found it on level 6 of the Lair of Beasts)

   [amulet of inaccuracy]

   It reduces the accuracy of all your attacks.
   It affects your evasion (+5).
   It insulates you from electricity.
   It lets you fly.
   It protects you from missiles.
Wands
 w - a wand of random effects (47)
 A - a wand of polymorph (18)
 D - a wand of paralysis (27)
 J - a wand of disintegration (31)
 O - a wand of enslavement (6)
 Q - a wand of digging (12)
 R - a wand of iceblast (22)
Scrolls
 f - 3 scrolls of immolation
 q - 6 scrolls of amnesia
 r - 3 scrolls of identify
 v - 6 scrolls of enchant weapon
 y - 2 scrolls of enchant armour
 z - 3 scrolls of remove curse
 B - 3 scrolls of blinking
 E - 6 scrolls of magic mapping
 G - 2 scrolls of vulnerability
 I - a scroll of torment
 K - 2 scrolls of teleportation
 N - a scroll of brand weapon
 S - 2 scrolls of fear
 W - a scroll of fog
 X - a scroll of holy word
Potions
 e - 4 potions of magic
 i - 3 potions of resistance
 k - 14 potions of curing
 m - 3 potions of heal wounds
 n - 4 potions of stabbing
 o - 5 potions of haste
 p - 4 potions of flight
 s - 5 potions of lignification
 t - 4 potions of brilliance
 u - 5 potions of might
 L - 4 potions of ambrosia
 Z - a potion of invisibility


   Skills:
 + Level 12.2 Fighting
 - Level 1.7 Throwing
 - Level 2.6 Dodging
 - Level 5.0 Shields
 * Level 18.0 Unarmed Combat
 + Level 11.2 Invocations


You had 13 spell levels left.
You didn't know any spells.
Your spell library contained the following spells:

 Spells                   Type           Power        Failure   Level
 Animate Skeleton         Necr           #.....       34%         1
 Apportation              Tloc           #.....       34%         1
 Corona                   Hex            #......      34%         1
 Magic Dart               Conj           #...         34%         1
 Pain                     Necr           #...         34%         1
 Sting                    Tmut/Pois      #...         34%         1
 Summon Small Mammal      Summ           #...         34%         1
 Blink                    Tloc           N/A          47%         2
 Call Imp                 Summ           #.......     47%         2
 Poisonous Vapours        Pois/Air       #.....       47%         2
 Slow                     Hex            #.......     47%         2
 Confusing Touch          Hex            #.......     71%         3
 Conjure Flame            Conj/Fire      #.......     71%         3
 Gell's Gravitas          Tloc           #.........   71%         3
 Ignite Poison            Fire/Tmut/Pois #.......     71%         3
 Inner Flame              Hex/Fire       #.......     71%         3
 Mephitic Cloud           Conj/Pois/Air  #.......     71%         3
 Portal Projectile        Hex/Tloc       #.....       71%         3
 Vampiric Draining        Necr           #.........   71%         3
 Animate Dead             Necr           #.........   98%         4
 Cause Fear               Hex            #.........   98%         4
 Leda's Liquefaction      Hex/Erth       #.........   98%         4
 Olgreb's Toxic Radiance  Pois           #.......     98%         4
 Petrify                  Tmut/Erth      #.......     98%         4
 Agony                    Necr           #.......     100%        5
 Metabolic Englaciation   Hex/Ice        #.........   100%        5
 Yara's Violent Unravell  Hex/Tmut       #.........   100%        5
 Freezing Cloud           Conj/Ice/Air   #.........   100%        6


Dungeon Overview and Level Annotations

Branches:
Dungeon (12/15)            Temple (1/1) D:4            Lair (6/6) D:9
 Shoals (0/4) Lair:3        Snake (0/4) Lair:2        Slime (0/5) Lair:5
    Orc (0/2) D:10

Altars:
Ashenzari
Cheibriados
Dithmenos
Elyvilon
Fedhas
Gozag
Hepliaklqana
Kikubaaqudgha
Makhleb
Nemelex Xobeh
Okawaru
Qazlal
Ru
Sif Muna
Trog
Uskayaw
Vehumet
Wu Jian
Xom
Yredelemnul
Zin
The Shining One
Beogh
Jiyva

Shops:
D:4 *   D:8 :*   D:10 [

Annotations:
D:11 2 transporters


Innate Abilities, Weirdness & Mutations

You have very sharp fingernails.
Your flesh is cold resistant. (rC+)
You sometimes gain a little power by taking damage.
You are immune to freezing clouds.
You are mostly covered in razor-sharp scales. (AC +2, Slay +2)


Message History

There is a stone staircase leading down here.
There is a stone staircase leading up here.
You climb upwards.
There is a stone staircase leading down here.
You see here a +0 chain mail.
There is a stone staircase leading up here.
You climb upwards.
There is a stone staircase leading down here.
You see here an orc skeleton.
There is a stone staircase leading up here.
You climb upwards.
There is a stone staircase leading down here.
There is a stone staircase leading up here.
You climb upwards.
There is a stone staircase leading down here.
You open the door.
There is an open door here.
There is a staircase leading out of the dungeon here.
Are you sure you want to leave the Dungeon?
This will make you lose the game!
You have escaped!

##.### ##.## #.# #.# #.# #.#
#.# #.# #.# #.#
#.#######.####.# ##.## #.#
#..............######...####.#
#..######.#######............#
#..# #.### #.###.[.###### #..#
#...#♣#♣#.# ##.######## #..#
#####.♣.### #........) ###..#
#P#@#P# ########## .....#
##P.P## # ###..# #P♣.♣P# #
###..### #♣...♣# # ....)..#
#.....# ######### # .#####.#
#.≈8≈.# #.......# # .#
#.#######.≈≈≈.###.#####.# # >#
#.......#.≈#≈.#...## #.# # .#
#.#..#.##'###'####.## #.# #


There were no monsters in sight!

Vanquished Creatures
  5 hydras
  A catoblepas (Lair:5)
  2 centaur warriors
  A death knight (D:11)
  Urug (Lair:5)
  3 death yaks
  2 skeletal warriors (D:11)
  An unseen horror (D:11)
  2 ugly things (D:11)
  A manticore (D:11)
  2 cyclopes (D:11)
  2 centaur zombies
  20 elephants
  3 black mambas
  A gargoyle (D:11)
  8 cane toads
  10 rime drakes
  2 komodo dragons (Lair:3)
  3 trolls
  3 polar bears
  Grinder (D:5)
  6 hornets
  8 blink frogs
  8 dream sheep (Lair:6)
  A slime creature (D:9)
  7 hippogriffs
  Eustachio (D:6)
  20 spriggans
  10 wyverns
  2 wraiths
  43 yaks
  6 basilisks
  Menkaure (D:5)
  2 wargs
  8 porcupines
  23 water moccasins
  2 hell hounds (Lair:5)
  3 ice beasts
  10 orc warriors
  5 black bears (Lair:6)
  2 phantoms
  2 sky beasts (D:7)
  29 wolves
  4 boggarts (Lair:6)
  A necrophage (D:9)
  10 ogres
  7 centaurs
  13 crocodiles
  Blork the orc (D:3)
  7 big kobolds
  2 gnoll sergeants (D:10)
  19 bullfrogs
  3 scorpions
  29 killer bees
  13 wights
  A howler monkey (D:5)
  A quasit (D:10)
  A lava snake (D:9)
  A jelly (D:9)
  2 bullfrog skeletons
  10 orc priests
  3 centaur skeletons
  A gnoll shaman (D:7)
  4 hounds
  10 orc wizards
  Ijyb (D:3)
  Jessica (D:2)
  An iguana (D:4)
  Terence (D:3)
  14 worker ants
  A hound zombie (D:9)
  A hound skeleton (D:7)
  A howler monkey zombie (D:5)
  7 gnolls
  14 adders
  A howler monkey skeleton (D:4)
  2 shadow imps
  An ufetubus (D:8)
  An ooze (D:1)
  4 worms
  3 dart slugs
  7 leopard geckos
  44 orcs
  A ball python (Lair:2)
  A bat (D:3)
  A giant cockroach (D:1)
  12 goblins
  10 hobgoblins
  17 jackals
  4 quokkas
  3 frilled lizards
  A giant cockroach zombie (D:5)
  A jackal skeleton (D:4)
  8 kobolds
  8 rats
588 creatures vanquished.

Vanquished Creatures (collateral kills)
  Snorg (Lair:3)
  A rime drake (Lair:5)
  A basilisk (Lair:5)
  A porcupine (Lair:3)
4 creatures vanquished.

Vanquished Creatures (others)
  A bush (Lair:5)
  31 fungi
  47 plants
79 creatures vanquished.

Grand Total: 671 creatures vanquished

Notes
Turn   | Place    | Note
-------+----------+-------------------------------------------
     0 | D:1      | Alarkh the Demonspawn Gladiator began the quest for the
                  | Orb.
     0 | D:1      | Reached XP level 1. HP: 16/16 MP: 1/1
    30 | D:1      | Reached skill level 3 in Unarmed Combat
    48 | D:1      | Gained mutation: You have sharp fingernails. [demonic
                  | ancestry]
    48 | D:1      | Reached XP level 2. HP: 18/22 MP: 2/2
   523 | D:1      | Gained mutation: You have very sharp fingernails. [demonic
                  | ancestry]
   523 | D:1      | Reached XP level 3. HP: 23/27 MP: 3/3
   640 | D:2      | Reached skill level 4 in Unarmed Combat
   668 | D:2      | Found a glowing golden altar of the Shining One.
   727 | D:2      | Noticed Jessica
   731 | D:2      | Killed Jessica
   748 | D:2      | Gained mutation: You are partially covered in razor-sharp
                  | scales. (AC +1, Slay +1) [demonic ancestry]
   748 | D:2      | Reached XP level 4. HP: 33/33 MP: 4/4
  1206 | D:3      | Reached skill level 5 in Unarmed Combat
  1250 | D:3      | Noticed Ijyb
  1260 | D:3      | Killed Ijyb
  1260 | D:3      | Gained mutation: You are mostly covered in razor-sharp
                  | scales. (AC +2, Slay +2) [demonic ancestry]
  1260 | D:3      | Reached XP level 5. HP: 34/38 MP: 5/5
  1265 | D:3      | Found a faded altar of an unknown god.
  1354 | D:3      | Noticed Terence
  1365 | D:3      | Killed Terence
  1742 | D:4      | Reached skill level 6 in Unarmed Combat
  1744 | D:4      | Noticed Blork the orc
  1768 | D:3      | Killed Blork the orc
  1768 | D:3      | Gained mutation: Your flesh is cold resistant. (rC+)
                  | [demonic ancestry]
  1768 | D:3      | Reached XP level 6. HP: 25/44 MP: 6/6
  1860 | D:4      | Found a staircase to the Ecumenical Temple.
  1868 | Temple   | Entered the Ecumenical Temple
  2087 | Temple   | Became a worshipper of Makhleb the Destroyer
  2214 | D:4      | Found Canomp's General Store.
  2329 | D:4      | Found a shimmering blue altar of Sif Muna.
  2378 | D:4      | Reached skill level 7 in Unarmed Combat
  2666 | D:4      | Reached XP level 7. HP: 25/50 MP: 7/7
  3222 | D:5      | Entered Level 5 of the Dungeon
  3232 | D:5      | Noticed Grinder
  3232 | D:5      | Paralysed by Grinder for 7 turns
  3263 | D:5      | Noticed Menkaure
  3275 | D:5      | Killed Menkaure
  3275 | D:5      | Reached skill level 8 in Unarmed Combat
  3349 | D:5      | Reached * piety under Makhleb
  3542 | D:5      | Reached skill level 9 in Unarmed Combat
  3542 | D:5      | Gained mutation: You are immune to freezing clouds.
                  | [demonic ancestry]
  3542 | D:5      | Reached XP level 8. HP: 46/56 MP: 8/8
  3682 | D:5      | Killed Grinder
  4205 | D:6      | Reached skill level 10 in Unarmed Combat
  4221 | D:6      | Got a scorched chain mail
  4232 | D:6      | Identified the cursed +1 chain mail "Emaoqiz" {Regen+} (You
                  | found it on level 6 of the Dungeon)
  4305 | D:6      | Found a shimmering altar of Xom.
  4322 | D:6      | Noticed Eustachio
  4353 | D:6      | Killed Eustachio
  4832 | D:7      | Reached skill level 11 in Unarmed Combat
  4908 | D:7      | Reached XP level 9. HP: 50/61 MP: 9/9
  5225 | D:7      | Identified a scroll of acquirement
  5228 | D:7      | Acquired 450 gold pieces
  5344 | D:7      | Reached ** piety under Makhleb
  5379 | D:7      | Found an iron altar of Okawaru.
  5882 | D:8      | Reached skill level 12 in Unarmed Combat
  5965 | D:8      | Got a faintly glowing buckler
  5971 | D:8      | Identified the +3 buckler "Peqijoly" {rElec} (You found it
                  | on level 8 of the Dungeon)
  6084 | D:8      | Found Vioran's General Store.
  6136 | D:8      | Reached skill level 1 in Shields
  6350 | D:8      | Found Micludd's Book Shop.
  6700 | D:8      | Reached XP level 10. HP: 72/73 MP: 10/10
  6722 | D:8      | Reached skill level 5 in Fighting
  6729 | D:8      | Reached *** piety under Makhleb
  6760 | D:9      | Noticed a centaur warrior
  6772 | D:9      | Killed a centaur warrior
  6910 | D:9      | Found a staircase to the Lair.
  6988 | D:9      | Reached skill level 13 in Unarmed Combat
  7549 | D:10     | Entered Level 10 of the Dungeon
  7602 | D:10     | Reached XP level 11. HP: 82/82 MP: 11/11
  7637 | D:10     | Reached **** piety under Makhleb
  7815 | D:10     | Found a staircase to the Orcish Mines.
  7979 | D:10     | Found Paukuoxaih's Antique Armour Emporium.
  8236 | D:10     | Reached skill level 5 in Shields
  8277 | D:10     | Paralysed by a hornet for 2 turns
  8478 | Lair:1   | Entered Level 1 of the Lair of Beasts
  8492 | Lair:1   | Reached skill level 14 in Unarmed Combat
  8710 | Lair:1   | Noticed a four-headed hydra
  8719 | Lair:1   | Killed a four-headed hydra
  8745 | Lair:1   | Reached ***** piety under Makhleb
  9376 | Lair:2   | Found a staircase to the Snake Pit.
  9473 | Lair:2   | Reached XP level 12. HP: 85/93 MP: 12/12
  9477 | Lair:2   | Reached skill level 15 in Unarmed Combat
  9524 | Lair:2   | Noticed a five-headed hydra
  9558 | Lair:2   | Killed a five-headed hydra
 10126 | Lair:2   | Reached skill level 1 in Invocations
 10361 | Lair:3   | Noticed an eight-headed hydra
 10369 | Lair:3   | Killed an eight-headed hydra
 10463 | Lair:3   | Noticed Snorg
 10483 | Lair:3   | Killed Snorg
 10509 | Lair:3   | Found a staircase to the Shoals.
 10566 | Lair:3   | Identified the amulet "Orchir" {*Drain Regen+ Str+5}
 10939 | Lair:3   | Reached skill level 5 in Invocations
 11172 | Lair:3   | Reached skill level 10 in Fighting
 11623 | Lair:4   | Reached skill level 16 in Unarmed Combat
 11684 | Lair:4   | Gained mutation: You sometimes gain a little power by
                  | taking damage. [demonic ancestry]
 11684 | Lair:4   | Reached XP level 13. HP: 85/103 MP: 17/17
 12216 | Lair:5   | Found a viscous altar of Jiyva.
 12216 | Lair:5   | Found a staircase to the Slime Pits.
 12613 | Lair:5   | Reached ****** piety under Makhleb
 12618 | Lair:5   | Noticed Urug
 12635 | Lair:5   | Killed Urug
 12953 | Lair:6   | Entered Level 6 of the Lair of Beasts
 13069 | Lair:5   | Reached skill level 17 in Unarmed Combat
 13405 | Lair:6   | Reached XP level 14. HP: 95/113 MP: 21/21
 13776 | Lair:6   | Reached skill level 10 in Invocations
 14070 | Lair:6   | Found the amulet of the Air {Inacc +Fly rElec EV+5 RMsl}
 14882 | D:11     | Found a roughly hewn altar of Beogh.
 14882 | D:11     | Found a transporter.
 15010 | D:11     | Found a transporter.
 15531 | D:12     | Reached skill level 18 in Unarmed Combat
 16055 | D:$      | Got out of the dungeon alive.

Illustrated notes

Levels and vault maps discovered:
D:1:      tarquinn_simple_flora_water_d, layout_loops_ring
D:2:      layout_rooms, lemuel_coloured_pillars_altar, uniq_jessica
D:3:      layout_loops_ring, chequers_ecumenical_altar_lobes, uniq_terence,
          uniq_ijyb
D:4:      layout_basic, old_standard_altar, minmay_temple_entry_statues,
          serial_shops, nicolae_shop_waterfront, minmay_strange_pillars,
          chequers_decorated_corner, uniq_blork_the_orc
D:5:      layout_basic, kennysheep_generic_room_10, uniq_grinder, uniq_menkaure
D:6:      layout_basic, old_standard_altar, uniq_eustachio
D:7:      layout_layer_cave, lemuel_round_altar
D:8:      layout_basic, serial_shops, shop, kennysheep_mini_moat
D:9:      hangedman_cross_stitches, layout_basic, erik_lair_orcish_takeover,
          kennysheep_decorative_pillar
D:10:     layout_stronghold, kennysheep_orc_monster_closet_entryway,
          serial_shops, shop, nrook_campfire, st_stairs_4, eino_jars
D:11:     gammafunk_beogh_shrine, layout_long_grid
D:12:     layout_cross, minmay_unpleasant_kobolds
Temple:   hc_temple_tempest_star
Lair:1:   kb_forest_paths, layout_chaotic_city, minivault_11,
          chequers_serial_rivers_micro_e, serial_bayou_shore_b
Lair:2:   layout_concentric_octagons, minmay_snake_entry_six_corridors,
          beast_lair_carwin_2
Lair:3:   layout_chaotic_city, minmay_shoals_entry_centaurs, grunt_megastairs_2,
          serial_bayou_shore_b, uniq_snorg
Lair:4:   layout_roguey, serial_bayou_shore_a
Lair:5:   layout_roguey [special_room_mythical_zoo], slime_altar_1,
          cheibrodos_lair_reptile_den, uniq_urug
Lair:6:   minmay_lair_end_enchanted_forest, layout_gridlike, grunt_megastairs_5,
          lemuel_fruit_fields

Skill      XL: |  1  2  3  4  5  6  7  8  9 10 11 12 13 14 |
---------------+-------------------------------------------+-----
Unarmed Combat | 3 4 5 6 7 9 11 12 13 14 16 17 18 | 18.0
Fighting       | 4 6 8 10 11 12 | 12.2
Shields        | 1 4 5 |  5.0
Invocations    | 6 9 11 | 11.2
Throwing       | |  1.7
Dodging        | |  2.6

Action                   |  1- 3 |  4- 6 |  7- 9 | 10-12 | 13-15 || total
-------------------------+-------+-------+-------+-------+-------++-------
Melee: Unarmed           |    76 |   163 |   368 |   717 |   823 ||  2147
       Punch             |     2 |     6 |     6 |       |       ||    14
Invok: Lesser Servant of |       |       |       |     2 |       ||     2
       Greater Servant o |       |       |       |       |     2 ||     2
Evoke: Wand              |       |       |       |       |     1 ||     1
  Use: Scroll            |     4 |     5 |     8 |     6 |    11 ||    34
       Potion            |       |       |     4 |     2 |     3 ||     9
 Stab: Sleeping          |       |     1 |     1 |       |     1 ||     3
       Petrified         |       |       |       |       |    13 ||    13
       Distracted        |       |       |       |       |     1 ||     1
Armor: Leather armour    |    17 |    40 |    16 |       |       ||    73
       Chain mail        |       |       |   178 |   220 |       ||   398
       Troll leather arm |       |       |       |    71 |   285 ||   356
       Skin              |       |       |       |     1 |     2 ||     3
Dodge: Dodged            |    28 |    66 |   128 |   174 |   487 ||   883
       Repelled          |       |       |       |       |     5 ||     5
Block: Other             |     8 |    24 |    78 |       |       ||   110
       Reflection        |       |     1 |     4 |    19 |       ||    24
       Buckler           |       |       |    36 |   439 |   362 ||   837

Table legend: (Time is in decaauts)
 A = Elapsed time spent in this place.
 B = Non-inter-level travel time spent in this place.
 C = Inter-level travel time spent in this place.
 D = Time resting spent in this place.
 E = Time spent auto-exploring this place.
 F = Levels seen in this place.
 G = Mean time per level.
                   A        B        C        D        E       F      G
               +--------+--------+--------+--------+--------+-----+--------+
         Total |  15550 |  14650 |    900 |    872 |  10658 |  19 |  818.4 |
       Dungeon |   9791 |   9203 |    588 |    611 |   6743 |  12 |  815.9 |
        Temple |    235 |    187 |     48 |      0 |    186 |   1 |  235.0 |
          Lair |   5523 |   5259 |    264 |    261 |   3729 |   6 |  920.5 |
               +--------+--------+--------+--------+--------+-----+--------+

Top non-repeatable levels by time:
     D:4: 1186 daAuts
  Lair:3: 1157 daAuts
    D:11: 1146 daAuts
  Lair:6: 1037 daAuts
     D:7: 996 daAuts
     D:8: 976 daAuts
  Lair:2: 968 daAuts
    D:10: 928 daAuts
     D:6: 884 daAuts
  Lair:1: 876 daAuts
  Lair:5: 837 daAuts
     D:9: 786 daAuts
     D:3: 737 daAuts
     D:5: 723 daAuts
     D:1: 659 daAuts
